Map: Kairos Junction LE

Players

Lambo - Winner!

  • Race: Zerg Zerg
  • League: Master
  • Spawn Location: 11:00

GunGFuBanDa

  • Race: Protoss Protoss
  • League: Grandmaster
  • Spawn Location: 5:00

VOD

Have the link to the VOD?

Description

Time

  • Played on: Jan. 12, 2019, 10:08 a.m.
  • Length: 13:46
Show
View Real Time Build Order
Export as new Build Order

Lambo Zerg - Winner!

Build Orders: Hatch First 

Get SALT Encoding   

  12  0:00  Drone  
  13  0:12  Overlord  
  13  0:17  Drone  
  14  0:30  Drone  
  15  0:44  Hatchery  
  15  0:48  Drone  
  15  0:52  Drone  
  15  0:55  Drone  
  17  1:08  Drone  
  18  1:11  Extractor  
  17  1:18  Spawning Pool  
  17  1:20  Drone  
  17  1:23  Drone  
  19  1:32  Drone  
  19  1:42  Drone  
  20  1:55  Overlord  
  20  1:57  Drone  
  21  2:06  Queen x2  
  21  2:07  Zergling x2  
  26  2:09  Zergling x2  
  27  2:17  Drone  
  27  2:19  Drone  
  29  2:26  Drone  
  29  2:28  Drone  
  31  2:41  Hatchery  
  30  2:45  Drone  
  31  2:53  Zergling x2  
  31  2:54  Overlord  
  31  2:56  Drone  
  32  2:59  Queen  
  32  3:03  Drone  
  35  3:12  Overlord  
  35  3:17  Drone  
  36  3:26  Overlord  
  35  3:30  Overlord  
  35  3:31  Drone x5  
  40  3:35  Lair  
  40  3:37  Drone  
  40  3:39  Drone  
  42  3:47  Roach Warren  
  41  3:48  Drone x3  
  41  3:50  Drone  
  41  3:54  Drone  
  47  3:55  Zergling x2  
  47  3:58  Zergling x2  
  48  4:03  Drone  
  48  4:06  Extractor  
  48  4:07  Extractor  
  45  4:15  Drone x6  
  52  4:23  Drone x4  
  54  4:38  Roach x4, Overseer  
  62  4:40  Overseer  
  62  4:41  Glial Reconstitution  
  62  4:46  Roach  
  62  4:50  Overlord  
  62  4:51  Roach  
  65  4:54  Overlord  
  65  4:58  Overlord  
  65  5:02  Overlord  
  65  5:04  Overlord  
  65  5:05  Overlord  
  65  5:08  Overlord  
  65  5:10  Roach  
  65  5:13  Roach  
  71  5:16  Roach  
  73  5:23  Drone x5  
  73  5:28  Extractor  
  77  5:30  Evolution Chamber  
  77  5:32  Roach x2  
  80  5:41  Overlord, Drone x3  
  81  5:46  Roach x4  
  89  5:55  Roach x2  
  89  5:56  Drone x3  
  91  6:06  Overlord  
  91  6:13  Zerg Missile Weapons Level 1  
  91  6:14  Overlord  
  91  6:16  Metabolic Boost  
  91  6:22  Roach x4  
  99  6:27  Roach  
  99  6:31  Overlord  
  99  6:32  Roach x2  
  105  6:37  Queen  
  107  6:45  Spire  
  106  6:50  Zergling x12  
  106  6:52  Ravager x3  
  106  6:54  Zergling x4  
  117  6:58  Zergling x4  
  119  7:03  Extractor  
  119  7:06  Extractor  
  117  7:19  Drone x3  
  117  7:20  Zergling x16  
  127  8:00  Mutalisk x9  
  145  8:08  Hatchery  
  144  8:19  Zergling x20  
  154  8:21  Overlord x3  
  154  8:22  Overlord  
  154  8:25  Overlord  
  153  8:30  Ravager  
  153  8:31  Overlord  
  154  8:35  Overlord  
  154  8:40  Ravager x7  
  160  8:41  Roach x2  
  160  8:46  Roach x2  
  162  8:50  Roach  
  162  8:51  Roach  
  162  8:54  Roach x2  
  168  9:00  Roach x5  
  178  9:07  Roach x3  
  174  9:16  Roach x4  
  173  9:22  Roach  
  169  9:25  Roach x2  
  156  9:36  Roach x3  
  138  9:46  Zergling x4  
  138  9:49  Zergling x2  
  138  9:51  Ravager x7  
  141  9:54  Queen  
  141  9:59  Zergling x6  
  146  10:06  Ravager  
  147  10:09  Roach x3  
  153  10:17  Roach  
  155  10:23  Roach x2  
  155  10:27  Roach x3  
  164  10:31  Zergling x8  
  161  10:37  Queen  
  163  10:43  Drone x3  
  166  10:51  Drone  
  166  10:52  Drone x2  
  166  10:55  Ravager x9  
  174  11:05  Zergling x6  
  174  11:06  Ravager  
  174  11:07  Ravager x2  
  180  11:13  Zergling x4  
  182  11:18  Hatchery, Zergling x6  
  183  11:38  Zergling x24  
  181  11:53  Zergling x10  
  170  11:57  Zergling x2  
  150  12:01  Zergling x4  
  142  12:12  Roach x2  
  142  12:15  Roach  
  138  12:20  Roach  
  140  12:26  Roach x2  
  140  12:35  Roach x3  
  136  12:40  Roach  
  136  12:43  Roach  
  122  12:46  Roach  
  109  12:53  Roach x9  
  109  12:56  Zergling x2  
  128  13:00  Roach x5  
  128  13:04  Ravager x7  
  128  13:05  Ravager x4  
  149  13:09  Zergling x2  
  149  13:10  Ravager x2  
  152  13:14  Zergling x4  
  152  13:15  Zergling x2  
  155  13:20  Drone x2, Infestation Pit  
  155  13:22  Ravager x2  
  159  13:27  Zergling x6  
Show
View Real Time Build Order
Export as new Build Order

GunGFuBanDa Protoss 

Build Orders: 1 Gate Expand 

Get SALT Encoding   

  12  0:00  Probe  
  13  0:13  Probe  
  14  0:18  Pylon  
  14  0:24  Probe  
  15  0:32  Probe  
  15  0:40  Gateway  
  15  0:41  Probe  
  16  0:48  Assimilator  
  17  0:51  Probe  
  18  1:03  Probe  
  19  1:15  Probe  
  20  1:26  Nexus  
  20  1:35  Cybernetics Core  
  20  1:39  Probe  
  21  1:46  Assimilator  
  21  1:51  Probe  
  22  1:55  Pylon  
  22  2:04  Adept  
  22  2:07  Probe  
  23  2:13  Warp Gate  
  25  2:19  Probe  
  25  2:21  Stalker  
  26  2:31  Probe, Pylon  
  26  2:35  Probe  
  29  2:43  Probe x2  
  31  2:50  Adept  
  32  2:55  Probe  
  35  3:02  Twilight Council  
  35  3:04  Probe  
  35  3:05  Probe  
  37  3:13  Probe  
  37  3:16  Probe  
  37  3:17  Adept  
  41  3:21  Probe  
  41  3:22  Resonating Glaives  
  42  3:27  Gateway  
  42  3:28  Probe  
  42  3:33  Probe  
  44  3:37  Pylon  
  44  3:40  Probe  
  45  3:43  Gateway  
  45  3:46  Probe  
  45  3:47  Gateway  
  46  3:52  Probe  
  47  3:58  Probe  
  47  3:59  Pylon  
  48  4:04  Probe  
  48  4:08  Probe  
  49  4:16  Probe x2  
  49  4:17  Adept  
  50  4:28  Adept  
  52  4:32  Nexus  
  52  4:33  Probe  
  52  4:34  Pylon  
  52  4:38  Robotics Facility  
  53  4:39  Adept x2  
  53  4:43  Adept  
  59  4:50  Robotics Facility  
  59  4:54  Sentry  
  59  4:55  Probe  
  59  4:57  Assimilator  
  59  4:58  Probe  
  59  4:59  Assimilator  
  63  5:01  Sentry  
  65  5:14  Adept x2  
  65  5:15  Immortal  
  65  5:20  Shield Battery, Pylon  
  73  5:28  Pylon  
  73  5:34  Immortal  
  73  5:36  Gateway  
  73  5:38  Gateway  
  73  5:39  Gateway  
  73  5:48  Immortal  
  81  5:58  Probe x2  
  81  6:03  Immortal  
  81  6:09  Adept  
  81  6:10  Adept  
  79  6:17  Probe  
  80  6:19  Probe x2  
  82  6:29  Probe  
  82  6:31  Probe  
  82  6:32  Sentry, Adept x2  
  88  6:33  Adept  
  88  6:37  Probe, Pylon  
  88  6:38  Immortal  
  95  6:43  Probe  
  95  6:44  Warp Prism  
  96  6:53  Adept  
  96  6:54  Adept x2  
  104  6:58  Probe x2  
  108  7:05  Sentry, Adept x3  
  116  7:21  Pylon  
  116  7:27  Pylon  
  116  7:28  Pylon  
  116  7:35  Immortal  
  116  7:39  Gateway, Immortal  
  116  7:40  Gateway  
  123  7:52  Forge  
  119  8:03  Adept x7  
  133  8:09  Observer  
  133  8:11  Forge  
  133  8:12  Probe  
  134  8:19  Protoss Ground Weapons Level 1  
  131  8:21  Probe  
  131  8:22  Probe  
  131  8:24  Adept  
  135  8:27  Adept x3  
  135  8:32  Pylon  
  135  8:33  Pylon  
  141  8:39  Robotics Bay  
  141  8:44  Blink  
  141  8:47  Probe  
  143  8:55  Stalker x5  
  143  8:56  Stalker x2  
  143  9:02  Photon Cannon  
  151  9:16  Stalker x2  
  109  9:35  Adept x3  
  109  9:37  Adept  
  105  9:42  Probe  
  101  9:51  Disruptor x2  
  99  10:03  Probe x2  
  103  10:07  Probe  
  103  10:11  Photon Cannon  
  102  10:15  Probe  
  102  10:16  Probe  
  102  10:18  Stalker x2  
  102  10:19  Adept x3, Stalker  
  113  10:32  Probe x2  
  108  10:39  Probe  
  108  10:41  Probe  
  102  10:44  Probe  
  102  10:49  Probe  
  103  10:51  Probe  
  103  10:56  Probe  
  103  10:57  Warp Prism  
  106  10:59  Probe x2  
  108  11:07  Sentry x3  
  108  11:08  Probe  
  108  11:09  Probe  
  108  11:11  Probe  
  116  11:12  Observer  
  116  11:18  Photon Cannon  
  117  11:21  Probe  
  117  11:23  Probe  
  117  11:24  Adept x3  
  126  11:39  Stalker x2  
  130  11:40  Stalker  
  111  11:58  Adept x4  
  103  12:12  Probe  
  99  12:16  Probe  
  99  12:17  Stalker x3  
  81  12:52  Disruptor x2  
  81  13:00  Stalker x4  
  81  13:05  Probe, Pylon  
  96  13:25  Stalker x3  
Tags
 
Add a new tag
Caveats
  • Supply blocks, unpowered buildings, or Contaminate may cause inaccurate times.
  • Supply counts are checked every 10 seconds.